Map: Terrasses de Prion

Players

TOMAZI

  • Race: Protoss Protoss
  • League: Gold
  • Spawn Location: 5:00

zidar

  • Race: Zerg Zerg
  • League: Silver
  • Spawn Location: 11:00

VOD

Have the link to the VOD?

Description

Time

  • Played on: March 5, 2016, 10:04 a.m.
  • Length: 6:19
Show
View Real Time Build Order
Export as new Build Order

TOMAZI Protoss 

Build Orders:  

Get SALT Encoding   

  12  0:02  Probe (Chrono Boost)  
  13  0:12  Probe (Chrono Boost)  
  14  0:20  Pylon  
  14  0:31  Probe (Chrono Boost)  
  15  0:39  Gateway  
  15  0:41  Probe (Chrono Boost)  
  16  0:52  Probe (Chrono Boost)  
  16  0:56  Forge  
  17  1:13  Probe (Chrono Boost)  
  18  1:29  Zealot  
  20  1:36  Pylon  
  20  1:45  Pylon  
  20  1:56  Zealot  
  20  1:57  Photon Cannon  
  22  2:02  Photon Cannon  
  22  2:08  Pylon  
  22  2:12  Pylon  
  22  2:27  Photon Cannon  
  21  2:31  Probe (Chrono Boost)  
  22  2:42  Probe (Chrono Boost)  
  21  3:06  Probe (Chrono Boost)  
  22  3:14  Nexus  
  22  3:17  Photon Cannon  
  22  3:18  Zealot  
  23  3:33  Photon Cannon  
  20  3:47  Photon Cannon  
  20  3:50  Zealot  
  22  4:00  Photon Cannon  
  22  4:10  Cybernetics Core  
  20  4:23  Photon Cannon  
  20  4:26  Pylon  
  20  4:42  Pylon  
  20  4:48  Zealot  
  22  4:57  Assimilator  
  22  5:02  Probe (Chrono Boost)  
  22  5:04  Assimilator  
  23  5:08  Photon Cannon  
  23  5:12  Pylon  
  23  5:13  Probe (Chrono Boost)  
  24  5:18  Probe (Chrono Boost)  
  24  5:19  Pylon  
  25  5:23  Probe (Chrono Boost)  
  25  5:24  Pylon  
  25  5:28  Assimilator  
  26  5:31  Probe (Chrono Boost)  
  27  5:39  Photon Cannon  
  27  5:43  Probe (Chrono Boost)  
  28  5:50  Probe (Chrono Boost)  
  31  6:01  Probe (Chrono Boost), Pylon  
  32  6:06  Probe (Chrono Boost)  
  33  6:17  Assimilator  
Show
View Real Time Build Order
Export as new Build Order

zidar Zerg 

Build Orders: Pool First 

Get SALT Encoding   

  12  0:01  Drone  
  13  0:12  Overlord  
  13  0:17  Drone  
  14  0:30  Drone x2  
  14  0:34  Drone  
  17  0:47  Spawning Pool  
  17  0:49  Drone  
  17  1:15  Drone  
  17  1:18  Drone  
  19  1:20  Hatchery  
  19  1:22  Drone  
  19  1:28  Extractor, Drone  
  18  1:43  Queen  
  20  1:49  Overlord  
  20  1:50  Drone  
  21  2:35  Zergling x6  
  23  3:08  Zergling x2  
  23  3:09  Zergling x8  
  27  3:13  Metabolic Boost  
  26  3:45  Zergling x2  
  26  3:46  Zergling x12  
  33  3:57  Queen  
  35  4:06  Extractor  
  33  4:23  Drone x2  
  33  4:43  Drone x2  
  35  4:45  Overlord x2  
  35  4:46  Overlord  
  35  4:54  Roach Warren  
  35  4:56  Lair  
  35  5:00  Drone  
  35  5:03  Drone  
  35  5:04  Drone  
  37  5:22  Drone x4  
  41  5:30  Extractor  
  41  5:32  Extractor  
  41  5:33  Drone x5  
  44  5:42  Spore Crawler  
  43  5:50  Spore Crawler  
  42  5:58  Drone x2  
  42  6:00  Drone x2  
  42  6:04  Drone x5  
  51  6:16  Evolution Chamber  
  51  6:18  Hydralisk Den  
Tags
 
Add a new tag
Caveats
  • Supply blocks, unpowered buildings, or Contaminate may cause inaccurate times.
  • Supply counts are checked every 10 seconds.